Map: Cactus Valley LE (Void)

Players

Railgan - Winner!

  • Race: Zerg Zerg
  • League: Grandmaster
  • Spawn Location: 1:00

NoCti

  • Race: Terran Terran
  • League: Grandmaster
  • Spawn Location: 5:00

VOD

Have the link to the VOD?

Description

Time

  • Played on: March 15, 2017, 3:52 p.m.
  • Length: 11:04
Show
View Real Time Build Order
Export as new Build Order

Railgan Zerg - Winner!

Build Orders: Pool First, Lurkers 

Get SALT Encoding   

  12  0:01  Drone  
  13  0:12  Overlord  
  13  0:17  Drone  
  14  0:30  Drone  
  14  0:31  Drone  
  16  0:36  Drone  
  17  0:46  Spawning Pool  
  17  0:50  Drone  
  17  0:57  Drone  
  18  1:16  Hatchery  
  17  1:18  Extractor  
  17  1:19  Drone  
  17  1:21  Drone  
  18  1:34  Queen  
  18  1:36  Zergling x2  
  21  1:40  Drone  
  22  1:49  Overlord  
  22  2:13  Drone, Queen  
  22  2:14  Drone  
  26  2:21  Overlord  
  26  2:29  Queen  
  27  2:30  Drone  
  27  2:34  Drone, Metabolic Boost  
  30  2:43  Drone  
  30  2:44  Drone  
  32  2:45  Drone x2  
  34  2:55  Drone  
  34  2:56  Drone  
  35  2:59  Drone  
  35  3:05  Zergling x2  
  37  3:06  Evolution Chamber  
  37  3:09  Zergling x2  
  37  3:12  Drone  
  38  3:18  Drone x3  
  41  3:24  Overlord  
  41  3:25  Drone  
  42  3:28  Drone x2  
  42  3:31  Zerg Ground Armor Level 1  
  44  3:43  Extractor  
  44  3:44  Extractor  
  42  3:48  Drone  
  42  3:49  Drone x5  
  42  3:52  Drone  
  42  3:54  Extractor  
  48  3:56  Lair  
  48  3:58  Drone x3  
  48  4:01  Overlord  
  51  4:05  Drone  
  51  4:17  Overlord x2  
  51  4:24  Zergling x4  
  53  4:28  Drone x2  
  53  4:30  Zergling x8  
  59  4:34  Overlord  
  59  4:36  Queen  
  61  4:43  Zergling x2  
  62  4:47  Overlord  
  62  4:54  Zergling x6  
  62  4:55  Zergling x2  
  62  4:56  Queen  
  62  4:58  Hydralisk Den  
  67  5:01  Zergling x8  
  71  5:08  Zergling x2  
  71  5:10  Zergling x2  
  71  5:33  Hydralisk x9  
  88  5:39  Hydralisk  
  87  5:50  Hydralisk x2  
  87  5:53  Muscular Augments  
  87  5:54  Zerg Ground Armor Level 2  
  91  6:05  Overlord x2  
  91  6:10  Overlord  
  91  6:12  Drone  
  91  6:13  Evolution Chamber  
  91  6:27  Hydralisk, Hatchery  
  91  6:36  Hydralisk x4  
  99  6:40  Hydralisk  
  99  6:41  Hydralisk  
  99  6:45  Zerg Missile Weapons Level 1  
  103  6:49  Overlord  
  103  6:57  Overlord  
  103  7:22  Hydralisk  
  105  7:29  Hydralisk  
  99  7:30  Hydralisk x7  
  99  7:33  Overlord  
  99  7:36  Drone x2, Lurker Den  
  117  7:37  Overlord  
  117  7:41  Drone x3  
  120  7:45  Drone  
  120  7:50  Drone x2  
  122  8:09  Hydralisk x7  
  112  8:13  Hydralisk  
  111  8:23  Drone x5  
  111  8:26  Extractor  
  114  8:27  Extractor  
  114  8:33  Zergling x2  
  114  8:34  Zergling x12  
  120  8:42  Zerg Missile Weapons Level 2, Zergling x2  
  120  8:43  Pneumatized Carapace  
  120  8:45  Zergling x2  
  120  8:46  Drone  
  123  9:02  Drone x2  
  125  9:04  Zergling x2  
  125  9:05  Zergling x6  
  129  9:12  Lurker x4  
  129  9:14  Lurker  
  134  9:20  Hatchery  
  134  9:21  Zergling x8  
  137  9:40  Lurker x2  
  139  9:57  Hydralisk  
  139  9:58  Hydralisk x2  
  139  9:59  Overlord  
  145  10:06  Overlord  
  143  10:12  Hydralisk  
  143  10:14  Overlord  
  145  10:15  Overlord x2  
  145  10:16  Overlord  
  141  10:26  Hydralisk x7  
  144  10:29  Hydralisk  
  144  10:31  Hydralisk  
  144  10:33  Hydralisk  
Show
View Real Time Build Order
Export as new Build Order

NoCti Terran 

Build Orders: Reaper Expand, MMM Bio 

Get SALT Encoding   

  12  0:00  SCV  
  13  0:13  SCV  
  14  0:17  Supply Depot  
  14  0:25  SCV  
  15  0:38  SCV  
  15  0:39  Barracks  
  16  0:45  Refinery  
  16  0:50  SCV  
  17  1:03  SCV  
  18  1:15  SCV  
  19  1:29  Reaper, Orbital Command  
  20  1:40  Command Center  
  20  1:50  Barracks  
  20  1:54  SCV  
  21  2:02  Barracks Reactor  
  21  2:06  SCV  
  22  2:11  Supply Depot  
  22  2:18  SCV  
  22  2:20  Refinery  
  23  2:33  SCV  
  23  2:34  Factory  
  23  2:37  Marine x2  
  25  2:45  SCV  
  25  2:49  Bunker  
  26  2:57  Marine x2, SCV  
  26  2:58  Barracks Tech Lab  
  29  3:09  SCV  
  30  3:14  Marine  
  30  3:17  Marine x2, Stimpack  
  33  3:27  Orbital Command  
  33  3:29  SCV  
  34  3:36  Starport  
  34  3:38  Marine x2  
  34  3:40  Factory Reactor  
  35  3:45  Marine  
  35  3:46  SCV  
  37  3:52  SCV  
  38  3:57  Marine x2  
  38  3:58  Supply Depot  
  38  4:01  SCV  
  41  4:03  Marine  
  41  4:04  SCV  
  43  4:13  SCV  
  43  4:15  Marine x2  
  46  4:20  SCV  
  46  4:21  Medivac  
  46  4:22  Medivac  
  46  4:23  Supply Depot  
  51  4:25  SCV  
  52  4:32  Marine, SCV  
  52  4:35  Supply Depot  
  54  4:45  Marine x2, SCV x2  
  58  4:46  Supply Depot  
  58  4:50  Marine  
  59  4:57  SCV x2  
  61  5:02  Marine  
  61  5:03  Command Center  
  62  5:09  SCV x2  
  64  5:17  Marine x2  
  64  5:20  Marine  
  67  5:32  Engineering Bay, Refinery  
  67  5:34  Engineering Bay  
  66  5:37  SCV x2  
  66  5:38  Marine x3  
  70  5:48  Barracks x3  
  70  5:49  SCV  
  71  5:50  Factory Reactor  
  71  5:51  SCV  
  71  5:55  Marine  
  71  5:57  Marine  
  73  5:59  Combat Shields  
  73  6:01  Medivac x2  
  78  6:07  Supply Depot  
  78  6:11  Terran Infantry Weapons Level 1  
  78  6:14  SCV x2  
  78  6:15  Orbital Command  
  80  6:19  Terran Infantry Armor Level 1  
  80  6:21  Refinery  
  80  6:26  SCV  
  85  6:37  SCV  
  85  6:38  Barracks Reactor x2  
  85  6:39  Barracks Reactor  
  86  6:42  Medivac x2  
  86  6:46  Factory Tech Lab, SCV x2  
  88  6:47  Marine x3  
  88  6:51  Armory  
  88  6:52  SCV  
  92  6:55  Marine x2  
  94  7:03  Supply Depot  
  94  7:05  Marine, Siege Tank  
  98  7:11  Marine  
  98  7:12  SCV x2  
  98  7:15  Supply Depot  
  101  7:24  Marine x7  
  101  7:25  SCV  
  101  7:26  Marine  
  101  7:29  Marine  
  100  7:33  Orbital Command  
  94  7:37  Medivac x2  
  94  7:39  Supply Depot  
  94  7:42  Marine x4  
  102  7:44  Supply Depot  
  102  7:50  Marine x5  
  102  7:51  Siege Tank  
  110  7:53  Supply Depot  
  110  7:54  SCV x2  
  112  8:00  Marine, SCV  
  111  8:06  SCV x2  
  91  8:22  Marine x2  
  91  8:23  Marine x7  
  91  8:26  Siege Tank, Medivac x2  
  102  8:27  SCV x3  
  102  8:29  Terran Infantry Weapons Level 2  
  102  8:33  Terran Infantry Armor Level 2  
  105  8:40  Marine x2  
  105  8:41  Marine x3  
  110  8:43  Marine x2  
  110  8:44  Marine  
  110  8:48  Marine  
  113  8:49  Supply Depot  
  113  8:53  Refinery  
  114  8:57  Factory  
  114  8:58  Marine x5, Supply Depot  
  114  9:00  Barracks  
  114  9:01  Barracks, Supply Depot  
  119  9:03  Marine x3  
  119  9:07  Siege Tank  
  125  9:11  Supply Depot x2  
  125  9:18  Marine x2  
  125  9:19  Marine  
  125  9:20  Medivac x2  
  132  9:29  Marine x3, Supply Depot, Command Center  
  132  9:30  Marine  
  136  9:31  Marine  
  136  9:37  Marine  
  138  9:42  Marine x2, Refinery  
  138  9:43  Factory Tech Lab  
  138  9:44  Siege Tank  
  143  9:48  Marine  
  143  9:49  Marine  
  143  9:50  Marine  
  143  9:51  Marine  
  147  9:53  Barracks Tech Lab  
  147  9:54  Marine  
  147  9:55  Marine  
  150  10:00  Marine  
  150  10:02  Barracks Tech Lab  
  150  10:14  Marine x4  
  150  10:15  Marine x5  
  150  10:16  Supply Depot  
  150  10:17  Concussive Shells  
  150  10:18  Marauder  
  146  10:29  Marine  
  146  10:32  Marine x2  
  111  10:36  Marine x4  
  111  10:38  Marine  
  111  10:39  Marine  
Tags
 
Add a new tag
Caveats
  • Supply blocks, unpowered buildings, or Contaminate may cause inaccurate times.
  • Supply counts are checked every 10 seconds.